 Dungeon Crawl Stone Soup version 0.20-b1 (webtiles) character file.

8395 azrac the Cleaver (level 11, -21/86 HPs)
             Began as a Formicid Fighter on May 26, 2017.
             Was a Priest of Qazlal.
             Demolished by a stone giant (33 damage)
             ... on level 10 of the Dungeon on May 27, 2017.
             The game lasted 00:28:17 (10802 turns).

azrac the Cleaver (Formicid Fighter)               Turns: 10802, Time: 00:28:18

Health: -21/86     AC: 12    Str: 25    XL:     11   Next: 55%
Magic:  17/17      EV: 12    Int:  7    God:    Qazlal [***...]
Gold:   151        SH: 15    Dex: 10    Spells: 10/10 levels left

rFire    . . .     SeeInvis +   a - +2 battleaxe (elec)
rCold    . . .     Gourm    .   c - +0 shield
rNeg     . . .     Faith    .   S - +2 ring mail {rPois}
rPois    +         Spirit   .   (helmet unavailable)
rElec    .         Reflect  .   K - +0 cloak {MR+}
rCorr    +         Harm     .   v - +0 pair of gloves
MR       ++...                  F - +0 pair of boots
Stlth    ..........             N - amulet of regeneration
Regen    0.7/turn               I - ring of resist corrosion
MPRegen  0.2/turn               Q - ring of poison resistance

@: no status effects
A: permanent stasis, dig shafts and tunnels, four strong arms, antennae 3
a: Dig, Shaft Self, Upheaval, Elemental Force, Renounce Religion


You were on level 10 of the Dungeon.
You worshipped Qazlal.
Qazlal was most pleased with you.
You were not hungry.

You visited 2 branches of the dungeon, and saw 11 of its levels.

You collected 421 gold pieces.
You spent 270 gold pieces at shops.

Inventory:

Hand Weapons
 a - a +2 battleaxe of electrocution (weapon)
 b - a +0 battleaxe
Armour
 c - a +0 shield (worn)
 v - a +0 pair of gloves (worn)
 F - a +0 pair of boots (worn)
 K - a +0 cloak of magic resistance (worn)
 S - a +2 ring mail of poison resistance (worn)
Jewellery
 y - an uncursed amulet of the gourmand
 I - a ring of resist corrosion (left hand)
 N - an amulet of regeneration (around neck)
 Q - a ring of poison resistance (right hand)
Wands
 u - a wand of paralysis (11/24)
 D - a wand of lightning (5/15)
 G - a wand of paralysis (13/24)
 J - a wand of polymorph (10/24)
 L - a wand of clouds (1/9)
 P - a wand of random effects (23/48)
 R - a wand of paralysis (10/24)
 U - a wand of lightning (3/15)
Scrolls
 g - a scroll of magic mapping {unknown}
 j - 6 scrolls of remove curse
 k - 2 scrolls of enchant armour {unknown}
 l - a scroll of amnesia {unknown}
 m - 2 scrolls of recharging {unknown}
 n - a scroll of random uselessness {unknown}
 o - 3 scrolls of identify
 q - 3 scrolls of enchant weapon {unknown}
 t - 2 scrolls of blinking {unknown}
 C - 2 scrolls of fog {unknown}
 E - 4 scrolls of fear {unknown}
 H - 2 scrolls of noise {unknown}
Potions
 d - 3 potions of might
 e - 9 potions of curing
 h - 3 potions of haste {unknown}
 i - 3 potions of brilliance {unknown}
 p - 2 potions of invisibility {unknown}
 r - 3 potions of lignification
 w - 3 potions of heal wounds {unknown}
 x - a potion of magic {unknown}
 B - a potion of cancellation {unknown}
 M - a potion of agility {unknown}
 O - a potion of ambrosia {unknown}
 T - a potion of flight {unknown}
Comestibles
 f - 4 bread rations
 s - 5 royal jellies
 z - 2 fruits
 A - 2 meat rations
 V - 10 chunks of flesh


   Skills:
 + Level 8.2 Fighting
 * Level 10.1 Axes
 + Level 8.2 Armour
 + Level 3.2 Dodging
 + Level 8.8 Shields
 * Level 8.2 Invocations


You had 10 spell levels left.
You didn't know any spells.

Dungeon Overview and Level Annotations

Branches:
Dungeon (10/15)            Temple (1/1) D:5
   Lair: D:8-11         Orc: D:9-12

Altars:
Cheibriados
Dithmenos
Fedhas
Kikubaaqudgha
Makhleb
Okawaru
Qazlal
Uskayaw
Vehumet
Yredelemnul
Zin
The Shining One

Shops:
D:4 (*?[=   D:9 *

Annotations:
D:4 Prince Ribbit
D:8 Erica


Innate Abilities, Weirdness & Mutations

You cannot be hasted, slowed, berserked, paralysed or teleported.
You can dig through walls and to a lower floor.
Your four strong arms can wield two-handed weapons with a shield.
You have a pair of large antennae on your head. (SInv)


Message History

You slash the stone giant!
Lightning courses through the stone giant!
The stone giant is heavily wounded.
The stone giant misses you.
You hit the stone giant but do no damage.
The stone giant is moderately wounded.
You block the stone giant's attack.
You slash the stone giant!
The stone giant is heavily wounded.
You block the stone giant's attack.
You hit the stone giant but do no damage.
The stone giant is heavily wounded.
The stone giant hits you!!
* * * LOW HITPOINT WARNING * * *
You block the stone giant's attack.
You slash the stone giant!
Lightning courses through the stone giant!
The stone giant is severely wounded.
The stone giant hits you!!
You die...

########
############..§...#
##...........§@$...#
#...#########.#C#...#
#..#.#######.##.# .#
#..#.........# .#
#..##.#####.## ..
#.))#.......# ..
#.#.##.###.## ...
##.#..#.....# ...
#..##.##.#.##


You could see a stone giant.

Vanquished Creatures
  3 two-headed ogres
  Pikel (D:5)
  A deep elf mage (D:10)
  Grinder (D:5)
  A hippogriff (D:7)
  A meliai zombie (D:10)
  A wraith (D:10)
  5 yaks (D:9)
  3 orc warriors
  3 ice beasts (D:7)
  2 sky beasts
  A black bear (D:8)
  4 phantoms
  A necrophage (D:5)
  9 ogres
  2 centaurs
  Blork the orc (D:4)
  3 bullfrogs
  A gnoll sergeant (D:6)
  A wyvern skeleton (D:8)
  A water moccasin zombie (D:4)
  A scorpion (D:4)
  A water moccasin skeleton (D:7)
  A howler monkey (D:7)
  A crimson imp (D:8)
  A bullfrog zombie (D:6)
  2 centaur zombies (D:4)
  A quasit (D:6)
  8 orc priests
  5 hounds
  A jelly (D:7)
  Crazy Yiuf (D:5)
  3 bullfrog skeletons
  8 orc wizards
  2 gnoll shamans
  Jessica (D:3)
  4 iguanas
  A worker ant (D:3)
  2 hound skeletons
  17 gnolls
  A howler monkey skeleton (D:4)
  6 adders
  A shadow imp (D:5)
  An adder zombie (D:4)
  3 adder skeletons
  2 worms
  A dart slug (D:2)
  5 leopard geckos
  27 orcs
  5 giant cockroaches
  6 goblins
  10 hobgoblins
  20 jackals
  2 quokkas
  7 ball pythons
  4 bats
  3 frilled lizards
  3 jackal zombies
  9 kobolds
  A leopard gecko skeleton (D:4)
  A leopard gecko zombie (D:4)
  8 rats
  4 rat zombies (D:9)
237 creatures vanquished.

Vanquished Creatures (others)
  A crimson imp (D:5)
  An orc wizard (D:5)
  An adder (D:5)
  3 orcs (D:5)
6 creatures vanquished.

Grand Total: 243 creatures vanquished

Notes
Turn   | Place    | Note
-------+----------+-------------------------------------------
     0 | D:1      | azrac the Formicid Fighter began the quest for the Orb.
     0 | D:1      | Reached XP level 1. HP: 18/18 MP: 1/1
   261 | D:1      | Reached XP level 2. HP: 24/24 MP: 2/2
   750 | D:2      | Reached XP level 3. HP: 27/29 MP: 3/3
  1010 | D:2      | Reached XP level 4. HP: 37/37 MP: 4/4
  1078 | D:2      | Found a burning altar of Makhleb.
  1083 | D:2      | Found a radiant altar of Vehumet.
  1778 | D:3      | Found a basalt altar of Yredelemnul.
  1843 | D:3      | Reached skill level 3 in Axes
  2050 | D:3      | Reached XP level 5. HP: 41/42 MP: 5/5
  2482 | D:3      | Noticed Jessica
  2504 | D:3      | Killed Jessica
  2716 | D:4      | Reached XP level 6. HP: 44/48 MP: 6/6
  2748 | D:4      | Reached skill level 4 in Axes
  2749 | D:4      | Found Kaut Facu's Antique Weapon Shoppe.
  3201 | D:4      | Found a shadowy altar of Dithmenos.
  3221 | D:4      | Reached XP level 7. HP: 44/55 MP: 7/7
  3342 | D:4      | Found a glowing golden altar of the Shining One.
  3357 | D:4      | Found a hide-covered altar of Uskayaw.
  3387 | D:4      | Found Qideeves's General Store.
  3402 | D:4      | Bought a potion of lignification for 33 gold pieces
  3471 | D:4      | Found Soimurcha's Magic Scroll Boutique.
  3496 | D:4      | Reached skill level 5 in Armour
  3496 | D:4      | Reached skill level 5 in Shields
  3618 | D:4      | Reached skill level 5 in Axes
  3623 | D:4      | Found Nuthe's Jewellery Emporium.
  3631 | D:4      | Found Oryboocy's Armour Shoppe.
  3934 | D:4      | Found an iron altar of Okawaru.
  3973 | D:5      | Entered Level 5 of the Dungeon
  3973 | D:5      | Noticed Blork the orc
  3984 | D:4      | Killed Blork the orc
  4146 | D:5      | Noticed Prince Ribbit
  4438 | D:5      | Noticed Grinder
  4454 | D:5      | Reached skill level 5 in Fighting
  4477 | D:5      | Killed Grinder
  4477 | D:5      | Reached XP level 8. HP: 44/62 MP: 8/8
  4604 | D:5      | Reached skill level 6 in Axes
  4649 | D:5      | Noticed Pikel
  4658 | D:5      | Killed Pikel
  4658 | D:5      | Reached skill level 7 in Axes
  4658 | D:5      | Reached XP level 9. HP: 64/69 MP: 9/9
  5046 | D:5      | Found a staircase to the Ecumenical Temple.
  5064 | Temple   | Entered the Ecumenical Temple
  5118 | Temple   | Became a worshipper of Qazlal Stormbringer
  5326 | D:5      | Found a runed door.
  5602 | D:6      | Reached skill level 1 in Invocations
  6938 | D:7      | Reached * piety under Qazlal
  6966 | D:7      | Reached skill level 8 in Axes
  7168 | D:7      | Reached XP level 10. HP: 59/77 MP: 13/13
  7573 | D:7      | Reached skill level 1 in Dodging
  7573 | D:7      | Reached skill level 5 in Invocations
  7780 | D:7      | Found a snail-covered altar of Cheibriados.
  8417 | D:5      | Noticed Crazy Yiuf
  8422 | D:5      | Killed Crazy Yiuf
  8574 | D:6      | Reached ** piety under Qazlal
  8615 | D:8      | Noticed Erica
  8736 | D:8      | Noticed a two-headed ogre
  8767 | D:8      | Killed a two-headed ogre
  8767 | D:8      | Reached skill level 9 in Axes
  8929 | D:8      | Noticed a two-headed ogre
  8985 | D:8      | Killed a two-headed ogre
  8985 | D:8      | Reached XP level 11. HP: 21/85 MP: 14/16
  9579 | D:9      | Found an ancient bone altar of Kikubaaqudgha.
  9701 | D:9      | Got a transparent scale mail
  9712 | D:9      | Identified the +2 scale mail of Supple Strength {+Inv Stlth+} (You found it on level 9 of the Dungeon)
  9823 | D:9      | Found Zin's Purification Station.
  9826 | D:9      | Found a glowing silver altar of Zin.
  9901 | D:9      | Reached *** piety under Qazlal
 10211 | D:4      | Bought a glowing battleaxe for 237 gold pieces
 10596 | D:10     | Entered Level 10 of the Dungeon
 10682 | D:10     | Noticed a deep elf mage
 10682 | D:10     | Noticed a two-headed ogre
 10703 | D:10     | Killed a two-headed ogre
 10703 | D:10     | Reached skill level 10 in Axes
 10704 | D:10     | Killed a deep elf mage
 10795 | D:10     | Noticed a stone giant
 10802 | D:10     | Demolished by a stone giant

Skill      XL: |  1  2  3  4  5  6  7  8  9 10 11 |
---------------+----------------------------------+-----
Shields        | 4 5 6 7 8 |  8.8
Armour         | 4 5 6 7 8 |  8.2
Axes           | 3 4 5 7 8 9 10 | 10.1
Fighting       | 4 5 6 7 8 |  8.2
Invocations    | 4 6 8 |  8.2
Dodging        | 2 3 |  3.2

Action                   |  1- 3 |  4- 6 |  7- 9 | 10-12 || total
-------------------------+-------+-------+-------+-------++-------
Melee: War axe           |    94 |   114 |       |       ||   208
       Battleaxe         |       |    80 |   324 |   310 ||   714
Invok: Upheaval          |       |       |       |     1 ||     1
 Abil: Dig               |       |     2 |       |       ||     2
Evoke: Wand              |       |       |       |     2 ||     2
  Use: Scroll            |       |       |       |     3 ||     3
 Stab: Confused          |       |       |       |     1 ||     1
  Eat: Chunk             |     1 |    18 |    14 |     5 ||    38
Armor: Scale mail        |    38 |    76 |   136 |    89 ||   339
       Ring mail         |       |       |       |    18 ||    18
Dodge: Dodged            |    24 |    77 |   124 |   111 ||   336
Block: Shield            |    43 |   122 |   196 |   221 ||   582
